 Dungeon Crawl Stone Soup version 0.20.1-1-g8b1a95d (webtiles) character file.

4010 equalderp2856 the Cleaver (level 10, -1/86 HPs)
             Began as a Minotaur Fighter on Aug 22, 2017.
             Slain by a two-headed ogre
             ... wielding a +0 giant club
              (25 damage)
             ... on level 8 of the Dungeon.
             The game lasted 00:23:41 (8491 turns).

equalderp2856 the Cleaver (Minotaur Fighter)        Turns: 8491, Time: 00:23:41

Health: -1/86      AC: 12    Str: 22    XL:     10   Next: 3%
Magic:  9/9        EV:  8    Int:  5    God:
Gold:   477        SH: 12    Dex: 12    Spells: 9/9 levels left

rFire    . . .     SeeInvis .   a - +0 war axe
rCold    . . .     Gourm    .   c - +0 shield
rNeg     . . .     Faith    .   w - +0 chain mail
rPois    +         Spirit   .   A - +2 hat
rElec    .         Reflect  .   (no cloak)
rCorr    .         Harm     .   (no gloves)
MR       .....                  (no boots)
Stlth    ..........             (no amulet)
Regen    0.3/turn               l - ring of poison resistance
MPRegen  0.2/turn               k - ring of wizardry

@: no status effects
A: retaliatory headbutt, horns 2
a: no special abilities


You were on level 8 of the Dungeon.
You were not hungry.

You visited 2 branches of the dungeon, and saw 9 of its levels.
You also visited: Sewer.

You collected 477 gold pieces.

Inventory:

Hand Weapons
 a - a +0 war axe (weapon)
 F - a +0 blowgun
 K - a +0 trident
 M - the cursed +1 spear "Xadegil" {chaos, *Rage rF+++ Int+6}
   (You found it on level 6 of the Dungeon)

   Each time it hits an enemy it has a different, random effect.
   It affects your intelligence (+6).
   It renders you almost immune to fire.
   It may make you go berserk in combat.
   It has a curse placed upon it.
 R - a +0 hand crossbow
Missiles
 j - 89 bolts
 n - 108 stones (quivered)
 o - 68 poisoned needles
 p - 104 arrows
 D - 90 sling bullets
Armour
 b - a +0 scale mail
 c - a +0 shield (worn)
 w - a +0 chain mail (worn)
 A - a +2 hat (worn)
 L - a +0 buckler
Jewellery
 h - an uncursed ring of fire
 k - a ring of wizardry (right hand)
 l - a ring of poison resistance (left hand)
Wands
 r - a wand of digging (8/24)
 E - a wand of flame (15/48)
 N - a wand of flame (20/48)
Scrolls
 e - a scroll of enchant armour
 i - 4 scrolls of remove curse
 m - a scroll of fear
 v - 2 scrolls of teleportation
 z - 3 scrolls of identify
 B - a scroll of immolation {unknown}
 C - 2 scrolls of recharging {unknown}
 H - 2 scrolls of random uselessness {unknown}
 I - a scroll of blinking
 O - a scroll of fog {unknown}
Potions
 d - a potion of might
 g - 6 potions of curing {unknown}
 q - 4 potions of mutation {unknown}
 s - 4 potions of flight
 t - a potion of cancellation {unknown}
 u - a potion of haste {unknown}
 x - 3 potions of heal wounds {unknown}
 G - 2 potions of brilliance {unknown}
 J - a potion of lignification {unknown}
 Q - a potion of ambrosia {unknown}
Books
 y - a book of Unlife

   Spells                             Type                      Level
   a - Recall                         Summoning/Translocation      3
   b - Animate Dead                   Necromancy                   4
   c - Control Undead                 Necromancy                   4
   d - Cigotuvi's Embrace             Necromancy                   5
   e - Death Channel                  Necromancy                   6
   f - Simulacrum                     Ice/Necromancy               6
Comestibles
 f - 6 bread rations
 P - a royal jelly


   Skills:
 + Level 7.2 Fighting
 + Level 10.8 Axes
 + Level 8.0 Armour
 + Level 3.0 Dodging
 + Level 1.0 Stealth
 + Level 9.6 Shields
 + Level 0.1 Evocations


You had 9 spell levels left.
You didn't know any spells.

Dungeon Overview and Level Annotations

Branches:
Dungeon (8/15)             Temple (1/1) D:7
   Lair: D:8-11

Altars:
Ashenzari
Cheibriados
Dithmenos
Elyvilon
Fedhas
Gozag
Hepliaklqana
Kikubaaqudgha
Makhleb
Nemelex Xobeh
Okawaru
Qazlal
Ru
Sif Muna
Trog
Uskayaw
Vehumet
Xom
Yredelemnul
Zin
The Shining One

Shops:
D:4 }   D:7 :

Annotations:
D:7 Overlord's ghost, novice TrMo
D:8 1 transporter


Innate Abilities, Weirdness & Mutations

You reflexively headbutt those who attack you in melee.
You have a pair of horns on your head.


Message History

You feel sick.
You feel sick.
You feel sick.
You feel sick.
You feel sick.
You feel sick.
You feel sick.
You feel sick.
You feel sick.
You feel sick.
You feel sick.
Things that are here:
an enchanted halberd; a robe
There is an open door here.
You feel sick.
You feel sick.
You feel sick.
You are no longer poisoned.
The two-headed ogre hits you with a giant club!!
You die...

#.#...##
#.###.###.#
###.##+##
#.........#
....##.#
#####.#####
######.# #.#
##.### #.#
##....## #.#
####......# #.#
....<.....# #O#
#####.....######@#
##......>....#
#...#########
#.### #.# #.# #.#


You could see a two-headed ogre.

Vanquished Creatures
  A two-headed ogre (D:8)
  Pikel (D:7)
  Grinder (D:5)
  A hippogriff (D:7)
  The ghost of tidbits the Skirmisher, an amateur DgWn (D:4)
  Edmund (D:5)
  A black bear (D:6)
  3 sky beasts
  2 centaurs
  2 big kobolds
  5 bullfrogs
  A gnoll sergeant (D:5)
  A scorpion (D:4)
  3 wights (D:8)
  2 howler monkeys (D:6)
  A bullfrog zombie (D:4)
  2 crimson imps
  A centaur zombie (D:6)
  5 orc priests
  4 hounds
  An iguana (D:4)
  Jessica (D:2)
  3 worker ants
  A merfolk siren (Sewer)
  An orc wizard (D:5)
  A merfolk avatar (Sewer)
  A hound zombie (D:5)
  A howler monkey zombie (D:6)
  A worker ant zombie (D:7)
  3 gnolls
  13 adders
  2 river rats
  3 shadow imps
  3 adder skeletons
  3 worms
  2 dart slugs
  7 leopard geckos
  15 orcs
  3 giant cockroaches
  5 goblins
  7 hobgoblins
  4 jackals (D:5)
  33 kobolds
  2 quokkas
  5 ball pythons
  14 bats
  8 frilled lizards
  A jackal skeleton (D:5)
  29 rats
  A bush (D:3)
  4 plants (D:5)
217 creatures vanquished.

Vanquished Creatures (others)
  A slave (D:7)
  A scorpion (D:7)
  A bush (D:3)
  A plant (D:5)
4 creatures vanquished.

Grand Total: 221 creatures vanquished

Notes
Turn   | Place    | Note
-------+----------+-------------------------------------------
     0 | D:1      | equalderp2856 the Minotaur Fighter began the quest for the Orb.
     0 | D:1      | Reached XP level 1. HP: 19/19 MP: 0/0
   204 | D:1      | Reached XP level 2. HP: 27/27 MP: 1/1
   753 | D:2      | Noticed Jessica
   762 | D:2      | Killed Jessica
   762 | D:2      | Reached XP level 3. HP: 30/33 MP: 2/2
   875 | D:2      | Reached skill level 3 in Axes
   927 | D:2      | Reached XP level 4. HP: 38/40 MP: 3/3
  1791 | D:3      | Reached skill level 5 in Shields
  1797 | D:3      | Found a glowing drain.
  1801 | Sewer    | Entered a sewer
  1973 | Sewer    | Reached XP level 5. HP: 47/47 MP: 4/4
  2028 | Sewer    | Reached skill level 4 in Axes
  2551 | D:4      | Found Fyibeap's Gadget Boutique.
  2588 | D:4      | Noticed tidbits's ghost (amateur DgWn)
  2696 | D:5      | Entered Level 5 of the Dungeon
  2696 | D:5      | Noticed a sky beast
  2706 | D:5      | Killed a sky beast
  2706 | D:5      | Reached skill level 5 in Axes
  2706 | D:5      | Reached skill level 1 in Dodging
  2706 | D:5      | Reached XP level 6. HP: 24/53 MP: 5/5
  3033 | D:5      | Noticed a sky beast
  3038 | D:5      | Killed a sky beast
  3038 | D:5      | Reached skill level 5 in Fighting
  3038 | D:5      | Reached skill level 5 in Armour
  3038 | D:5      | Reached XP level 7. HP: 61/61 MP: 6/6
  3110 | D:5      | Reached skill level 6 in Axes
  3129 | D:5      | Noticed Grinder
  3137 | D:5      | Paralysed by Grinder for 7 turns
  4726 | D:4      | Killed tidbits's ghost
  4726 | D:4      | Reached skill level 7 in Axes
  4726 | D:4      | Reached XP level 8. HP: 58/69 MP: 7/7
  4923 | D:5      | Paralysed by Grinder for 3 turns
  4935 | D:5      | Paralysed by Grinder for 4 turns
  4939 | D:5      | Killed Grinder
  5313 | D:5      | Noticed Edmund
  5324 | D:5      | Killed Edmund
  5324 | D:5      | Reached skill level 8 in Axes
  6721 | D:6      | Reached XP level 9. HP: 73/75 MP: 8/8
  6771 | D:6      | Reached skill level 9 in Axes
  6800 | D:6      | Got a slimy spear
  6806 | D:6      | Identified the cursed +1 spear "Xadegil" {chaos, *Rage rF+++ Int+6} (You found it on level 6 of the Dungeon)
  7278 | D:7      | Noticed Pikel
  7295 | D:7      | Killed Pikel
  7295 | D:7      | Reached skill level 10 in Axes
  7295 | D:7      | Reached skill level 1 in Stealth
  7360 | D:7      | Found a staircase to the Ecumenical Temple.
  7379 | Temple   | Entered the Ecumenical Temple
  7653 | D:7      | Noticed Overlord's ghost (novice TrMo)
  8105 | D:7      | Found Qazun's Book Boutique.
  8202 | D:8      | Noticed a two-headed ogre
  8212 | D:8      | Killed a two-headed ogre
  8212 | D:8      | Reached XP level 10. HP: 63/86 MP: 9/9
  8417 | D:8      | Found a transporter.
  8442 | D:8      | Noticed a two-headed ogre
  8491 | D:8      | Slain by a two-headed ogre

Skill      XL: |  1  2  3  4  5  6  7  8  9 |
---------------+----------------------------+-----
Armour         | 4 5 6 8 |  8.0
Fighting       | 4 5 6 7 |  7.2
Shields        | 4 5 7 8 9 |  9.6
Axes           | 3 5 7 8 10 | 10.8
Dodging        | 1 2 3 |  3.0
Stealth        | 1 |  1.0
Evocations     | |  0.1

Action                   |  1- 3 |  4- 6 |  7- 9 | 10-12 || total
-------------------------+-------+-------+-------+-------++-------
Melee: War axe           |    56 |   185 |   387 |     6 ||   634
       Headbutt          |     9 |    28 |    75 |     2 ||   114
Evoke: Wand              |       |       |     1 |       ||     1
  Use: Scroll            |       |     5 |     1 |       ||     6
       Potion            |       |     1 |       |       ||     1
  Eat: Chunk             |       |     7 |     7 |       ||    14
       Royal jelly       |       |       |     1 |       ||     1
       Bread ration      |       |       |     2 |       ||     2
Armor: Scale mail        |    42 |    94 |    18 |       ||   154
       Chain mail        |       |       |   131 |       ||   131
Dodge: Dodged            |    26 |    64 |   108 |     2 ||   200
Block: Shield            |    45 |   136 |   249 |     3 ||   433
